Map: Nightscape LE

Players

Massa - Winner!

  • Race: Terran Terran
  • League: Platinum
  • Spawn Location: 7:00

qqq - Winner!

  • Race: Zerg Zerg
  • League: Platinum
  • Spawn Location: 7:00

PyjamaWizard

  • Race: Protoss Protoss
  • League: Diamond
  • Spawn Location: 1:00

Wirt

  • Race: Protoss Protoss
  • Spawn Location: 1:00

VOD

Have the link to the VOD?

Description

Time

  • Played on: Sept. 5, 2020, 5:30 p.m.
  • Length: 5:17
Show
View Real Time Build Order
Export as new Build Order

Massa Terran - Winner!

Build Orders:  

Get SALT Encoding   

  12  0:00  SCV  
  13  0:12  SCV  
  14  0:24  SCV  
  14  0:25  Supply Depot  
  15  0:29  Refinery  
  15  0:47  SCV  
  15  0:48  Barracks  
  16  0:57  Refinery  
  16  0:59  SCV  
  17  1:11  SCV  
  18  1:23  SCV  
  19  1:35  SCV, Reaper  
  21  1:40  Supply Depot  
  21  1:56  Factory  
  23  2:45  Factory Tech Lab  
  21  3:05  Siege Tank  
  24  3:27  Marine  
  24  3:30  Refinery  
  24  3:32  Refinery  
  25  3:37  Orbital Command  
  25  3:44  Marine  
  26  3:56  Engineering Bay  
  26  4:02  Marine  
  27  4:35  Marine  
  27  4:36  Command Center  
  28  4:43  Missile Turret  
  28  4:53  Marine  
  29  5:00  SCV  
  29  5:04  Missile Turret  
  30  5:12  Supply Depot  
  31  5:15  Supply Depot  
Show
View Real Time Build Order
Export as new Build Order

qqq Zerg - Winner!

Build Orders: Hatch First 

Get SALT Encoding   

  12  0:03  Drone  
  13  0:13  Drone  
  14  0:37  Hatchery  
  14  0:39  Drone  
  14  0:57  Spawning Pool  
  14  1:02  Overlord  
  13  1:06  Drone  
  14  1:15  Extractor  
  14  1:16  Drone  
  14  1:20  Drone  
  14  1:25  Drone  
  16  1:37  Drone  
  17  1:52  Zergling x2  
  17  1:53  Queen  
  20  1:55  Queen  
  20  1:57  Drone  
  20  2:00  Zergling x2  
  24  2:18  Drone x2  
  24  2:20  Zergling x2  
  24  2:21  Drone  
  28  2:33  Metabolic Boost  
  28  2:34  Overlord  
  28  2:36  Overlord  
  28  2:49  Overlord  
  28  2:53  Zergling x2  
  28  2:54  Zergling x2  
  28  2:55  Zergling x2  
  31  2:59  Zergling x2  
  31  3:01  Zergling x2  
  32  3:23  Zergling x2  
  32  3:24  Zergling x4  
  32  3:25  Zergling x8  
  37  3:35  Zergling x2  
  37  3:36  Zergling x2  
  39  3:44  Zergling x2  
  39  3:46  Overlord  
  40  3:49  Zergling x2  
  38  4:12  Zergling x8  
  38  4:13  Zergling x8  
  44  4:32  Zergling x2  
  44  4:33  Zergling x4  
  45  4:59  Zergling x6  
Show
View Real Time Build Order
Export as new Build Order

PyjamaWizard Protoss 

Build Orders:  

Get SALT Encoding   

  12  0:00  Probe  
  13  0:12  Probe  
  14  0:24  Probe  
  14  0:27  Pylon  
  15  0:45  Probe, Gateway  
  15  0:49  Gateway  
  16  0:55  Assimilator  
  16  1:08  Probe  
  17  1:11  Assimilator  
  17  1:18  Pylon  
  17  1:20  Probe  
  19  1:32  Probe  
  19  1:34  Zealot (Chrono Boost)  
  19  1:35  Zealot (Chrono Boost)  
  23  2:11  Probe  
  24  2:17  Cybernetics Core  
  24  2:23  Probe  
  25  2:42  Nexus  
  25  2:51  Stalker (Chrono Boost)  
  25  2:53  Warp Gate  
  29  3:01  Stalker (Chrono Boost)  
  29  3:02  Robotics Facility  
  27  3:27  Stalker  
  27  3:28  Stalker  
  27  3:33  Probe (Chrono Boost)  
  30  3:44  Probe (Chrono Boost)  
  31  3:52  Probe  
  31  3:53  Immortal  
  36  3:56  Pylon  
  36  4:04  Probe  
  35  4:16  Probe  
  34  4:21  Shield Battery  
  12  4:58  Pylon  
Show
View Real Time Build Order
Export as new Build Order

Wirt Protoss 

Build Orders:  

Get SALT Encoding   

  12  0:00  Probe (Chrono Boost)  
  13  0:10  Probe (Chrono Boost)  
  14  0:19  Pylon  
  14  0:22  Probe  
  15  0:37  Forge  
  15  0:42  Probe  
  16  0:54  Probe  
  17  1:06  Probe  
  18  1:30  Pylon  
  18  1:48  Photon Cannon  
  18  1:50  Pylon x2  
  18  1:53  Pylon  
  18  2:04  Pylon  
  17  2:19  Pylon  
  17  2:23  Photon Cannon  
  17  2:31  Pylon  
  16  2:49  Assimilator  
  16  2:53  Assimilator  
  16  2:57  Gateway  
  16  3:09  Nexus  
  16  3:14  Pylon  
  16  3:19  Probe (Chrono Boost)  
  17  3:29  Probe (Chrono Boost)  
  17  3:32  Photon Cannon  
  18  3:34  Probe (Chrono Boost)  
  18  3:37  Photon Cannon  
  19  3:46  Probe (Chrono Boost)  
  20  3:53  Probe (Chrono Boost)  
  21  4:00  Probe, Cybernetics Core  
  22  4:12  Probe  
  23  4:38  Shield Battery  
  23  4:45  Shield Battery  
  23  4:58  Stargate  
  23  5:00  Pylon  
  23  5:02  Stargate  
Tags
 
Add a new tag
Caveats
  • Supply blocks, unpowered buildings, or Contaminate may cause inaccurate times.
  • Supply counts are checked every 10 seconds.